 Dungeon Crawl Stone Soup version 0.28-a0-1033-g1a2f33fa85 (webtiles) character file.

Game seed: 10481515739949612906

142 meatgazer the Chopper (level 5, -3/47 HPs)
             Began as a Hill Orc Monk on Dec 7, 2021.
             Was a Priest of Nemelex Xobeh.
             Slain by an adder (5 damage)
             ... on level 2 of the Dungeon.
             The game lasted 00:03:59 (1889 turns).

meatgazer the Chopper (Hill Orc Monk)               Turns: 1889, Time: 00:04:00

Health: -3/47      AC:  2    Str: 14    XL:     5   Next: 25%
Magic:  7/7        EV: 12    Int: 12    God:    Nemelex Xobeh [***...]
Gold:   18         SH:  0    Dex: 13    Spells: 4/4 levels left

rFire   . . .      SeeInvis .   a - +1 hand axe
rCold   . . .      Faith    .   (no shield)
rNeg    + . .      Spirit   .   b - +0 robe
rPois   .          Reflect  .   (no helmet)
rElec   .          Harm     .   (no cloak)
rCorr   .          Rampage  .   (no gloves)
Will    +....                   (no boots)
Stlth   ++........              (no amulet)
HPRegen 0.15/turn               d - ring of positive energy
MPRegen 0.10/turn               c - ring of willpower

@: no status effects
A: no striking features
a: Renounce Religion, Draw Escape, Draw Destruction, Draw Summoning, Triple Draw


You were on level 2 of the Dungeon.
You worshipped Nemelex Xobeh.
Nemelex Xobeh was most pleased with you.
You visited 1 branch of the dungeon, and saw 2 of its levels.

You collected 18 gold pieces.

Inventory:

Hand Weapons
 a - a +1 hand axe (weapon)
Armour
 b - a +0 robe (worn)
Jewellery
 c - a ring of willpower (right hand)
 d - a ring of positive energy (left hand)


   Skills:
 + Level 4.9 Fighting
 + Level 5.4 Axes
 - Level 2.4 Dodging
 - Level 1.5 Stealth
 * Level 3.6 Invocations


You had 4 spell levels left.
You didn't know any spells.
Your spell library was empty.

Dungeon Overview and Level Annotations

Branches:
Dungeon (2/15)

Altars:
Nemelex Xobeh
Yredelemnul

Shops:
D:1 :


Message History

The adder is moderately wounded.
You feel sick. The adder closely misses you.
You closely miss the adder.
The adder is moderately wounded.
You feel sick.
You are no longer poisoned.
The adder bites you but does no damage.
You miss the adder.
The adder is lightly wounded.
The adder bites you.
You are poisoned.
The adder poisons you! The adder bites you.
You are too injured to fight recklessly!
You are too injured to fight recklessly!
You are too injured to fight recklessly!
You are too injured to fight recklessly!
You hit the adder but do no damage.
The adder is lightly wounded.
You feel sick. The adder closely misses you.
You closely miss the adder.
The adder is lightly wounded.
You feel sick. The adder misses you.
You hit the adder.
The adder is lightly wounded.
You feel sick. The adder closely misses you. The adder bites you.
* * * LOW HITPOINT WARNING * * *
You miss the adder.
The adder is lightly wounded.
You feel sick. The adder closely misses you.
You completely miss the adder.
The adder is lightly wounded.
You feel sick. The adder bites you.
* * * LOW HITPOINT WARNING * * *
You barely miss the adder.
The adder is lightly wounded.
You feel sick.
You are no longer poisoned.
The adder bites you.
You die...
Your body glows with a rainbow of weird colours and disappears.

#.######.....#
#.#......... #
#.#.......####
#.#..........
#.'.......####
###...........
#############........[..
†...))...........!......
..†.!.S@#########.......
......).# ####.......
........# #.....†....
........# #..........
........# #..........
........# #..........
........# ###########
........#


You could see an adder.

Vanquished Creatures
  Terence (D:2)
  Natasha (thrice) (D:2)
  A worm (D:2)
  2 dart slugs (D:1)
  4 bats (D:1)
  4 endoplasms (D:1)
  A giant cockroach (D:2)
  3 goblins
  2 hobgoblins (D:1)
  A quokka (D:1)
  2 ball pythons (D:2)
  8 frilled lizards
  4 kobolds
  5 rats
41 creatures vanquished.

Vanquished Creatures (others)
  6 plants (D:2)
6 creatures vanquished.

Grand Total: 47 creatures vanquished

Notes
Turn   | Place    | Note
-------+----------+-------------------------------------------
     0 | D:1      | meatgazer the Hill Orc Monk began the quest for the Orb.
     0 | D:1      | Reached XP level 1. HP: 19/19 MP: 1/1
   299 | D:1      | Reached XP level 2. HP: 24/27 MP: 2/2
   566 | D:1      | Found a faded altar of an unknown god.
   574 | D:1      | Prayed at the altar of an unknown god.
   574 | D:1      | Became a worshipper of Nemelex Xobeh the Trickster
   574 | D:1      | Reached * piety under Nemelex Xobeh
   574 | D:1      | Received a gift from Nemelex Xobeh
   574 | D:1      | Reached ** piety under Nemelex Xobeh
   574 | D:1      | Received a gift from Nemelex Xobeh
   574 | D:1      | Received a gift from Nemelex Xobeh
   750 | D:1      | Reached *** piety under Nemelex Xobeh
   751 | D:1      | Found Recvash's Book Boutique.
   760 | D:1      | Reached XP level 3. HP: 23/33 MP: 3/3
   957 | D:1      | Reached skill level 1 in Invocations
  1343 | D:2      | Found a basalt altar of Yredelemnul.
  1345 | D:2      | Noticed Natasha
  1356 | D:2      | Killed Natasha
  1655 | D:2      | Noticed Natasha
  1662 | D:2      | Reached skill level 5 in Axes
  1662 | D:2      | Killed Natasha
  1663 | D:2      | Reached XP level 4. HP: 24/41 MP: 5/5
  1864 | D:2      | Noticed Natasha
  1866 | D:2      | Noticed Terence
  1871 | D:2      | Killed Terence
  1871 | D:2      | Killed Natasha
  1872 | D:2      | Reached XP level 5. HP: 40/47 MP: 7/7
  1888 | D:2      | HP: 2/47 [adder (5)]
  1889 | D:2      | Slain by an adder

Illustrated notes

Levels and vault maps discovered:
D:1:      minmay_arrival_cross, layout_basic, serial_rivers,
          chequers_serial_rivers_micro_d, chequers_serial_rivers_micro_d,
          chequers_serial_rivers_room_b, chequers_serial_rivers_large_a,
          chequers_serial_rivers_micro_a, chequers_serial_rivers_micro_e,
          hellmonk_ecumenical_altar_leap_of_faith, serial_shops, shop
D:2:      layout_basic, basic_altar, minmay_lizard_king, uniq_terence,
          uniq_natasha

Skill      XL: |  1  2  3  4 |
---------------+-------------+-----
Fighting       | 4 |  4.9
Invocations    | 2 3 |  3.6
Axes           | 5 |  5.4
Dodging        | |  2.4
Stealth        | |  1.5

Action                   |  1- 3 |  4- 6 || total
-------------------------+-------+-------++-------
Melee: Hand axe          |    87 |    25 ||   112
Invok: Draw Destruction  |     1 |     1 ||     2
  Use: Scroll            |     2 |       ||     2
 Stab: Sleeping          |     1 |     1 ||     2
       Distracted        |     1 |       ||     1
Armor: Robe              |    23 |     3 ||    26
Dodge: Dodged            |    60 |    15 ||    75

Table legend: (Time is in decaauts)
 A = Elapsed time spent in this place.
 B = Non-inter-level travel time spent in this place.
 C = Inter-level travel time spent in this place.
 D = Time resting spent in this place.
 E = Time spent auto-exploring this place.
 F = Levels seen in this place.
 G = Mean time per level.
                   A        B        C        D        E       F      G
               +--------+--------+--------+--------+--------+-----+--------+
         Total |   1918 |   1890 |     28 |    153 |   1473 |   2 |  959.0 |
       Dungeon |   1918 |   1890 |     28 |    153 |   1473 |   2 |  959.0 |
               +--------+--------+--------+--------+--------+-----+--------+

Top non-repeatable levels by time:
     D:1: 1362 daAuts
     D:2: 555 daAuts
